| TOP OF THE 1ST |
|
San Jose Missions batting - Pitching for Spokane Indians : RHP Sammy Stewart
|
|
Pitching: RHP Sammy Stewart
|
|
|
Batting: SHB Curt Bryan
|
0-0: Ball 1-0: Called Strike 1-1: Swinging Strike 1-2: Ball 2-2: Strikes out swinging
|
|
Batting: LHB Jack Perconte
|
0-0: Ball 1-0: Ball 2-0: Called Strike 2-1: Ball 3-1: Called Strike 3-2: Base on Balls
|
|
Batting: LHB Marvell Wynne
|
0-0: Ball 1-0: Ball 2-0: Called Strike 2-1: Ball 3-1: Base on Balls Jack Perconte to second
|
|
Batting: RHB John Rabb
|
0-0: Ball 1-0: Ball Jack Perconte is caught stealing 3rd base 2-5 Marvell Wynne to second 2-0: Ball 3-0: Base on Balls
|
|
Batting: SHB David Piller
|
0-0: Called Strike 0-1: Ground out 4-3 (Groundball, 4, EV 83.1 MPH)
|
| Top of the 1st over - 0 runs, 0 hits, 0 errors, 2 left on base; San Jose 0 - Spokane 0 |
| BOTTOM OF THE 1ST |
|
Spokane Indians batting - Pitching for San Jose Missions : LHP Jerry Gomez
|
|
Pitching: LHP Jerry Gomez
|
|
|
Batting: RHB Craig Landis
|
0-0: Ball 1-0: Ball 2-0: Called Strike 2-1: Ball 3-1: Swinging Strike 3-2: Base on Balls
|
|
Batting: LHB Stu Pederson
|
0-0: Ball 1-0: Foul Ball, location: 2F 1-1: Swinging Strike Passed Ball! Craig Landis to second 1-2: SINGLE (Groundball, 34D, EV 106.3 MPH) (infield hit) Craig Landis to third
|
|
Batting: LHB Darren Daulton
|
0-0: Foul Ball, location: 2F 0-1: Called Strike 0-2: Ball 1-2: Foul Ball, location: 2F 1-2: Foul Ball, location: 2F 1-2: Ball 2-2: Fly out, F9 (Flyball, 89D, EV 87.5 MPH) Runner from 3rd tags up, SCORES, throw by RF
|
|
Batting: RHB Bill Schroeder
|
0-0: Ball 1-0: Ball 2-0: Ground out 3-1 (Groundball, 34S, EV 80.6 MPH) Stu Pederson to second
|
|
Batting: SHB Mark Gillaspie
|
0-0: Called Strike 0-1: Foul Ball, location: 2F 0-2: Ball 1-2: Ball 2-2: 2-RUN HOME RUN (Line Drive, 78XD, EV 96.9 MPH), Distance : 440 ft
|
|
Batting: RHB Reggie Whittemore
|
0-0: Called Strike 0-1: Swinging Strike 0-2: Ball 1-2: Ball 2-2: Foul Ball, location: 2F 2-2: Foul Ball, location: 2F 2-2: SINGLE (Groundball, 5S, EV 57.5 MPH) (infield hit)
|
|
Batting: SHB Spike Owen
|
0-0: Ball 1-0: Called Strike 1-1: Foul Ball, location: 2F 1-2: Ball 2-2: Foul Ball, location: 2F 2-2: Ball 3-2: Fly out, F7 (Flyball, 78M, EV 88.1 MPH)
|
| Bottom of the 1st over - 3 runs, 3 hits, 0 errors, 1 left on base; San Jose 0 - Spokane 3 |
| TOP OF THE 2ND |
|
San Jose Missions batting - Pitching for Spokane Indians : RHP Sammy Stewart
|
|
Batting: RHB Paul Runge
|
0-0: Called Strike 0-1: Reached on error, E5 (Groundball, 5, EV 92.5 MPH)
|
|
Batting: LHB Steven Michael
|
0-0: Called Strike 0-1: Ball 1-1: Foul Ball, location: 2F 1-2: Foul Ball, location: 2F 1-2: Foul Ball, location: 2F 1-2: Foul Ball, location: 2F 1-2: Ball 2-2: Ball 3-2: Fly out, F9 (Flyball, 9, EV 91.9 MPH)
|
|
Batting: RHB Pablo Cardiel
|
0-0: Ball 1-0: Called Strike 1-1: Ball 2-1: Fielders Choice at 2nd, 5-4 (Groundball, 5S, EV 80.6 MPH)
|
|
Batting: LHB Jesus Valerio
|
0-0: Ball Pablo Cardiel is caught stealing 2nd base 2-6
|
| Top of the 2nd over - 0 runs, 0 hits, 1 error, 0 left on base; San Jose 0 - Spokane 3 |
| BOTTOM OF THE 2ND |
|
Spokane Indians batting - Pitching for San Jose Missions : LHP Jerry Gomez
|
|
Batting: RHB Larry Fobbs
|
0-0: Ground out 5-3 (Groundball, 5, EV 85.6 MPH)
|
|
Batting: RHB Matthew Tyner
|
0-0: Foul Ball, location: 2F 0-1: Foul Ball, location: 2F 0-2: Strikes out looking
|
|
Batting: RHB Craig Landis
|
0-0: Ball 1-0: Ball 2-0: Swinging Strike 2-1: Foul Ball, location: 2F 2-2: Foul Ball, location: 2F 2-2: Foul Ball, location: 2F 2-2: Foul Ball, location: 2F 2-2: Strikes out swinging
|
| Bottom of the 2nd over - 0 runs, 0 hits, 0 errors, 0 left on base; San Jose 0 - Spokane 3 |
| TOP OF THE 3RD |
|
San Jose Missions batting - Pitching for Spokane Indians : RHP Sammy Stewart
|
|
Batting: LHB Jesus Valerio
|
0-0: Called Strike 0-1: Ball 1-1: Ball 2-1: Fly out, F4 (Flyball, 4MD, EV 89.4 MPH)
|
|
Batting: SHB Curt Bryan
|
0-0: Foul Ball, location: 2F 0-1: Fly out, F7 (Line Drive, 7, EV 88.1 MPH)
|
|
Batting: LHB Jack Perconte
|
0-0: Ball 1-0: Called Strike 1-1: Called Strike 1-2: Ball 2-2: Ball 3-2: Fly out, F1 (Line Drive, P, EV 63.8 MPH)
|
| Top of the 3rd over - 0 runs, 0 hits, 0 errors, 0 left on base; San Jose 0 - Spokane 3 |
| BOTTOM OF THE 3RD |
|
Spokane Indians batting - Pitching for San Jose Missions : LHP Jerry Gomez
|
|
Batting: LHB Stu Pederson
|
0-0: Foul Ball, location: 2F 0-1: SINGLE (Groundball, 6MD, EV 103.8 MPH)
|
|
Batting: LHB Darren Daulton
|
0-0: Ball 1-0: Swinging Strike 1-1: Foul Ball, location: 2F 1-2: Foul Ball, location: 2F 1-2: Foul Ball, location: 2F 1-2: Ball 2-2: Foul Ball, location: 2F 2-2: Foul Ball, location: 2F 2-2: Foul Ball, location: 2F 2-2: Ball 3-2: Strikes out looking
|
|
Batting: RHB Bill Schroeder
|
0-0: Ball 1-0: Fly out, F8 (Flyball, 89D, EV 98.8 MPH)
|
|
Batting: SHB Mark Gillaspie
|
0-0: Called Strike 0-1: Ball 1-1: Ball 2-1: Swinging Strike 2-2: Strikes out looking
|
| Bottom of the 3rd over - 0 runs, 1 hit, 0 errors, 1 left on base; San Jose 0 - Spokane 3 |
| TOP OF THE 4TH |
|
San Jose Missions batting - Pitching for Spokane Indians : RHP Sammy Stewart
|
|
Batting: LHB Marvell Wynne
|
0-0: Ball 1-0: Swinging Strike 1-1: Ball 2-1: Foul Ball, location: 2F 2-2: Foul Ball, location: 2F 2-2: Strikes out looking
|
|
Batting: RHB John Rabb
|
0-0: Foul Ball, location: 2F 0-1: Fly out, F7 (Flyball, 78D, EV 81.3 MPH)
|
|
Batting: SHB David Piller
|
0-0: DOUBLE (Groundball, 5L, EV 95.6 MPH)
|
|
Batting: RHB Paul Runge
|
0-0: Called Strike 0-1: Ball 1-1: Called Strike 1-2: Ball 2-2: Foul Ball, location: 2F 2-2: Strikes out swinging
|
| Top of the 4th over - 0 runs, 1 hit, 0 errors, 1 left on base; San Jose 0 - Spokane 3 |
| BOTTOM OF THE 4TH |
|
Spokane Indians batting - Pitching for San Jose Missions : LHP Jerry Gomez
|
|
Batting: RHB Reggie Whittemore
|
0-0: Fly out, F7 (Flyball, 7, EV 88.1 MPH)
|
|
Batting: SHB Spike Owen
|
0-0: Ground out 6-3 (Groundball, 6, EV 88.8 MPH)
|
|
Batting: RHB Larry Fobbs
|
0-0: Called Strike 0-1: Ball 1-1: SINGLE (Groundball, 56D, EV 101.9 MPH)
|
|
Batting: RHB Matthew Tyner
|
0-0: Ball 1-0: Ball 2-0: Ball 3-0: Called Strike 3-1: Base on Balls Larry Fobbs to second
|
|
Batting: RHB Craig Landis
|
0-0: Fielders Choice at 2nd, 5-4 (Groundball, 5L, EV 109.4 MPH)
|
| Bottom of the 4th over - 0 runs, 1 hit, 0 errors, 2 left on base; San Jose 0 - Spokane 3 |
| TOP OF THE 5TH |
|
San Jose Missions batting - Pitching for Spokane Indians : RHP Sammy Stewart
|
|
Batting: LHB Steven Michael
|
0-0: Fly out, F6 (Popup, 56D, EV 60.6 MPH)
|
|
Batting: RHB Pablo Cardiel
|
0-0: Called Strike 0-1: Ball 1-1: Ball 2-1: Foul Ball, location: 2F 2-2: Strikes out swinging
|
|
Batting: LHB Jesus Valerio
|
0-0: Ball 1-0: Foul Ball, location: 2F 1-1: Fly out, F6 (Flyball, 6D, EV 86.3 MPH)
|
| Top of the 5th over - 0 runs, 0 hits, 0 errors, 0 left on base; San Jose 0 - Spokane 3 |
| BOTTOM OF THE 5TH |
|
Spokane Indians batting - Pitching for San Jose Missions : LHP Jerry Gomez
|
|
Batting: LHB Stu Pederson
|
0-0: Foul Ball, location: 2F 0-1: Swinging Strike 0-2: Ball 1-2: Ball 2-2: Strikes out looking
|
|
Batting: LHB Darren Daulton
|
0-0: Ball 1-0: Fly out, F9 (Line Drive, 8RM, EV 87.5 MPH)
|
|
Batting: RHB Bill Schroeder
|
0-0: Ball 1-0: Ball 2-0: Called Strike 2-1: DOUBLE (Flyball, 8RXD, EV 110.6 MPH)
|
|
Batting: SHB Mark Gillaspie
|
0-0: Ball 1-0: Foul Ball, location: 2F 1-1: Ball 2-1: Foul Ball, location: 2F 2-2: Strikes out swinging
|
| Bottom of the 5th over - 0 runs, 1 hit, 0 errors, 1 left on base; San Jose 0 - Spokane 3 |
| TOP OF THE 6TH |
|
San Jose Missions batting - Pitching for Spokane Indians : RHP Sammy Stewart
|
|
Batting: SHB Curt Bryan
|
0-0: Foul Ball, location: 2F 0-1: Ball 1-1: Foul Ball, location: 2F 1-2: Fly out, F8 (Flyball, 8RS, EV 88.8 MPH)
|
|
Batting: LHB Jack Perconte
|
0-0: Ball 1-0: Ball 2-0: Foul Ball, location: 2F 2-1: Ground out 4-3 (Groundball, 4M, EV 90.6 MPH)
|
|
Batting: LHB Marvell Wynne
|
0-0: Ball 1-0: Ball 2-0: Called Strike 2-1: Ball 3-1: Base on Balls
|
|
Batting: RHB John Rabb
|
0-0: Called Strike 0-1: Called Strike 0-2: Ball Marvell Wynne steals 2nd base 1-2: Ground out 6-3 (Groundball, 6, EV 91.9 MPH)
|
| Top of the 6th over - 0 runs, 0 hits, 0 errors, 1 left on base; San Jose 0 - Spokane 3 |
| BOTTOM OF THE 6TH |
|
Spokane Indians batting - Pitching for San Jose Missions : LHP Jerry Gomez
|
|
Batting: RHB Reggie Whittemore
|
0-0: Ball 1-0: Ball 2-0: Called Strike 2-1: Ball 3-1: Base on Balls
|
|
Batting: SHB Spike Owen
|
0-0: Bunted foul 0-1: Ball 1-1: Bunted foul 1-2: SINGLE (Groundball, 4D, EV 94.4 MPH) Reggie Whittemore to second Runner from 2nd tries for 3rd, SAFE, no throw by CF
|
|
Batting: RHB Larry Fobbs
|
0-0: Ball 1-0: Fly out, F9 (Flyball, 9S, EV 83.1 MPH)
|
|
Batting: RHB Matthew Tyner
|
0-0: Ball 1-0: 3-RUN HOME RUN (Flyball, 7D, EV 91.9 MPH), Distance : 376 ft
|
|
Pitching: RHP David Grier
|
|
|
Batting: RHB Craig Landis
|
0-0: Swinging Strike 0-1: Fly out, F6 (Flyball, 6D, EV 65.0 MPH)
|
|
Batting: LHB Stu Pederson
|
0-0: Swinging Strike 0-1: Fly out, F6 (Popup, 6M, EV 78.1 MPH)
|
| Bottom of the 6th over - 3 runs, 2 hits, 0 errors, 0 left on base; San Jose 0 - Spokane 6 |
| TOP OF THE 7TH |
|
San Jose Missions batting - Pitching for Spokane Indians : RHP Sammy Stewart
|
|
Batting: SHB David Piller
|
0-0: Ball 1-0: Ball 2-0: SINGLE (Line Drive, 6M, EV 95.0 MPH)
|
|
Batting: RHB Paul Runge
|
0-0: Fly out, F8 (Line Drive, 8RM, EV 97.5 MPH)
|
|
Batting: LHB Steven Michael
|
0-0: Called Strike 0-1: Ball 1-1: Ball 2-1: Ball 3-1: Foul Ball, location: 2F 3-2: Fielders Choice at 2nd, 1-6 (Groundball, 13S, EV 75.6 MPH)
|
|
Batting: RHB Pablo Cardiel
|
0-0: Called Strike Steven Michael steals 2nd base (no throw) 0-1: Called Strike 0-2: Ground out 6-3 (Groundball, 6D, EV 98.1 MPH)
|
| Top of the 7th over - 0 runs, 1 hit, 0 errors, 1 left on base; San Jose 0 - Spokane 6 |
| BOTTOM OF THE 7TH |
|
Spokane Indians batting - Pitching for San Jose Missions : RHP David Grier
|
|
Batting: LHB Darren Daulton
|
0-0: Ball 1-0: Foul Ball, location: 2F 1-1: Ball 2-1: Called Strike 2-2: Ball 3-2: Base on Balls
|
|
Batting: RHB Bill Schroeder
|
0-0: Ball 1-0: Called Strike 1-1: Ball 2-1: Swinging Strike 2-2: Strikes out swinging Darren Daulton steals 2nd base (no throw) Batter strikes out.
|
|
Batting: SHB Mark Gillaspie
|
0-0: Called Strike 0-1: DOUBLE (Line Drive, 8RXD, EV 100.6 MPH) Darren Daulton scores
|
|
Batting: RHB Reggie Whittemore
|
0-0: Fly out, F8 (Flyball, 8LD, EV 95.6 MPH)
|
|
Batting: SHB Spike Owen
|
0-0: Ball 1-0: Called Strike 1-1: Called Strike 1-2: Ball 2-2: SINGLE (Groundball, P, EV 80.0 MPH) (infield hit) Mark Gillaspie to third
|
|
Batting: RHB Larry Fobbs
|
0-0: Called Strike 0-1: Ball 1-1: Swinging Strike 1-2: Ground out 4-3 (Groundball, 4, EV 85.0 MPH)
|
| Bottom of the 7th over - 1 run, 2 hits, 0 errors, 2 left on base; San Jose 0 - Spokane 7 |
| TOP OF THE 8TH |
|
San Jose Missions batting - Pitching for Spokane Indians : RHP Sammy Stewart
|
|
Batting: LHB Jesus Valerio
|
0-0: Ball 1-0: Foul Ball, location: 2F 1-1: Ball 2-1: Ball 3-1: Fly out, F7 (Line Drive, 7D, EV 93.1 MPH)
|
|
Batting: SHB Curt Bryan
|
0-0: Called Strike 0-1: Foul Ball, location: 2F 0-2: Ball 1-2: Ground out 6-3 (Groundball, 6, EV 91.9 MPH)
|
|
Batting: LHB Jack Perconte
|
0-0: Ball 1-0: Ball 2-0: Called Strike 2-1: Swinging Strike 2-2: Ball 3-2: Base on Balls
|
|
Batting: LHB Marvell Wynne
|
0-0: Swinging Strike 0-1: Swinging Strike 0-2: Ground out 4-3 (Groundball, 4, EV 86.3 MPH)
|
| Top of the 8th over - 0 runs, 0 hits, 0 errors, 1 left on base; San Jose 0 - Spokane 7 |
| BOTTOM OF THE 8TH |
|
Spokane Indians batting - Pitching for San Jose Missions : RHP David Grier
|
|
Batting: RHB Matthew Tyner
|
0-0: Fly out, F8 (Flyball, 8LS, EV 87.5 MPH)
|
|
Batting: RHB Craig Landis
|
0-0: Called Strike 0-1: Foul Ball, location: 2F 0-2: Ground out 4-3 (Groundball, 34, EV 86.3 MPH)
|
|
Batting: LHB Stu Pederson
|
0-0: Ball 1-0: Swinging Strike 1-1: SINGLE (Groundball, 4M, EV 102.5 MPH) (infield hit)
|
|
Batting: LHB Darren Daulton
|
0-0: Ball 1-0: Foul Ball, location: 2F 1-1: Foul Ball, location: 2F 1-2: Foul Ball, location: 2F 1-2: Foul Ball, location: 2F 1-2: SINGLE (Line Drive, 7S, EV 111.3 MPH) Stu Pederson to second
|
|
Batting: RHB Bill Schroeder
|
0-0: Fly out, F7 (Flyball, 7D, EV 100.6 MPH)
|
| Bottom of the 8th over - 0 runs, 2 hits, 0 errors, 2 left on base; San Jose 0 - Spokane 7 |
| TOP OF THE 9TH |
|
San Jose Missions batting - Pitching for Spokane Indians : RHP Sammy Stewart
|
|
Batting: RHB John Rabb
|
0-0: Ball 1-0: Called Strike 1-1: Foul Ball, location: 2F 1-2: Strikes out swinging
|
|
Batting: SHB David Piller
|
0-0: Called Strike 0-1: Ball 1-1: Ball 2-1: Fly out, F8 (Flyball, 8RXD, EV 95.6 MPH)
|
|
Batting: RHB Paul Runge
|
0-0: Ball 1-0: Ball 2-0: Ball 3-0: Foul Ball, location: 2F 3-1: Base on Balls
|
|
Batting: LHB Steven Michael
|
0-0: Ground out 5-3 (Groundball, 56S, EV 89.4 MPH)
|
| Top of the 9th over - 0 runs, 0 hits, 0 errors, 1 left on base; San Jose 0 - Spokane 7 |
|